 Dungeon Crawl Stone Soup version 0.26.1-11-gd32895ea62 (webtiles) character file.

Game seed: 16962131662190166134

209489 Ijustatesigmund the Octopoid Aeon (level 18, -9/131 HPs)
             Began as an Octopode Fighter on July 5, 2021.
             Was the Champion of Cheibriados.
             Mangled by an orc warrior
             ... wielding a +0 mace
             ... led by an orc knight
              (27 damage)
             ... on level 2 of the Vaults.
             The game lasted 01:53:15 (34363 turns).

Ijustatesigmund the Octopoid Aeon (OpFi)           Turns: 34363, Time: 01:53:15

Health: -9/131     AC: 14    Str: 31    XL:     18   Next: 82%
Magic:  0/29       EV: 31    Int: 30    God:    Cheibriados [******]
Gold:   746        SH: 20    Dex: 35    Spells: 7/17 levels left

rFire    + + .     SeeInvis .   a - +4 flail (protect)
rCold    + . .     Faith    .   b - +4 kite shield
rNeg     . . .     Spirit   .   l - +2 hood of the Assassin {Detection Stab+ Stlth++}
rPois    +         Reflect  .   A - amulet of regeneration
rElec    +         Harm     .   f - ring of protection from cold
rCorr    +         Rampage  .   c - +4 ring of protection
Will     +....                  s - +4 ring of evasion Stlth *+++++++++
                                t - +6 ring of dexterity
HPRegen  0.71/turn              L - ring of wizardry
MPRegen  0.21/turn              o - ring "Tourch" {rElec rF+ Stlth+}
                                O - ring "Olaupsop" {+Fly rPois rF+}
                                R - ring of resist corrosion

@: about to teleport, protection aura, very slow
A: almost no armour, stealthy swim, amphibious, 8 rings, constrict 8, camouflage
1, gelatinous body 1
}: 1/15 runes: barnacled
a: Renounce Religion, Evoke Flight, Bend Time, Temporal Distortion, Slouch, Step
From Time


You were on level 2 of the Vaults.
You worshipped Cheibriados.
Cheibriados was exalted by your worship.
You visited 7 branches of the dungeon, and saw 33 of its levels.
You also visited: Bailey and Ice Cave.

You collected 3031 gold pieces.
You spent 2285 gold pieces at shops.

Inventory:

Hand Weapons
 a - a +4 flail of protection (weapon)
 z - the +3 hand axe "Wavisus" {freeze, *Rage +Fly rN++ Will+++}
   (You found it on level 7 of the Dungeon)

   It has been specially enchanted to freeze those struck by it, causing extra
   injury to most foes and up to half again as much damage against particularly
   susceptible opponents.
   It can also slow down cold-blooded creatures.
   It greatly protects you from negative energy.
   It affects your willpower, your defense against some magical effects.
   It lets you fly.
   It may make you go berserk in combat.
Missiles
 u - 54 poisoned darts
 x - 9 atropa-tipped darts
 E - 10 curare-tipped darts (quivered)
Armour
 b - a +4 kite shield (worn)
 l - the +2 hood of the Assassin (worn) {Detection Stab+ Stlth++}
   (You bought it in a shop on level 8 of the Dungeon)

   It makes you much more stealthy.
Jewellery
 c - a +4 ring of protection (right tentacle)
 f - a ring of protection from cold (left tentacle)
 o - the ring "Tourch" (on tentacle) {rElec rF+ Stlth+}
   (You found it on level 4 of the Shoals)

   [ring of stealth]

   It protects you from fire.
   It insulates you from electricity.
   It makes you more stealthy.
 s - a +4 ring of evasion (on tentacle)
 t - a +6 ring of dexterity (on tentacle)
 A - an amulet of regeneration (around mantle)
 J - an uncursed ring of wizardry
 L - a ring of wizardry (on tentacle)
 M - an uncursed ring of flight
 O - the ring "Olaupsop" (on tentacle) {+Fly rPois rF+}
   (You found it on level 1 of the Vaults)

   [ring of flight]

   It protects you from fire.
   It protects you from poison.
   It lets you fly.
 R - a ring of resist corrosion (on tentacle)
 S - an uncursed ring of positive energy
 T - an uncursed ring of positive energy
Wands
 d - a wand of enslavement (13)
 i - a wand of acid (8)
 v - a wand of paralysis (12)
 y - a wand of digging (4)
 G - a wand of flame (37)
Scrolls
 h - 7 scrolls of remove curse
 m - a scroll of teleportation
 n - 7 scrolls of amnesia
 r - 4 scrolls of fog
 C - 3 scrolls of immolation
 N - 8 scrolls of identify
 Q - a scroll of magic mapping
Potions
 e - 4 potions of flight
 g - a potion of might
 j - 4 potions of brilliance
 p - 4 potions of attraction
 q - 4 potions of haste
 B - 5 potions of lignification
 H - 2 potions of curing
 I - a potion of ambrosia
 P - 3 potions of magic
Miscellaneous
 w - a condenser vane (inert)
 K - a phantom mirror


   Skills:
 + Level 14.2 Fighting
 + Level 14.5 Maces & Flails
 - Level 1.5 Throwing
 - Level 11.2 Dodging
 - Level 13.6 Stealth
 - Level 11.1 Shields
 - Level 6.2 Conjurations
 - Level 6.1 Hexes
 - Level 6.3 Necromancy
 + Level 2.7 Translocations
 - Level 6.3 Earth Magic
 + Level 15.7 Invocations
 - Level 5.5 Evocations


You had 7 spell levels left.
You knew the following spells:

 Your Spells              Type           Power        Failure   Level
a - Magic Dart            Conj           100%         1%          1
b - Dazzling Flash        Conj/Hex       74%          1%          3
c - Borgnjor's Vile Clut  Necr/Erth      19%          13%         5
d - Apportation           Tloc           32%          2%          1

Your spell library contained the following spells:

 Spells                   Type           Power        Failure   Level
 Animate Skeleton         Necr           76%          1%          1
 Corona                   Hex            40%          1%          1
 Searing Ray              Conj           74%          1%          2
 Confusing Touch          Hex            36%          1%          3
 Animate Dead             Necr           19%          4%          4
 Fulminant Prism          Conj/Hex       18%          4%          4
 Leda's Liquefaction      Hex/Erth       18%          4%          4
 Freeze                   Ice            0%           6%          1
 Sting                    Tmut/Pois      0%           6%          1
 Summon Small Mammal      Summ           0%           6%          1
 Gell's Gravitas          Tloc           8%           6%          3
 Summon Guardian Golem    Hex/Summ       18%          6%          3
 Call Imp                 Summ           0%           10%         2
 Iskenderun's Mystic Bla  Conj/Tloc      26%          11%         4
 Hailstorm                Conj/Ice       18%          17%         4
 Petrify                  Tmut/Erth      18%          17%         4
 Frozen Ramparts          Ice            0%           19%         3
 Ozocubu's Armour         Ice            0%           19%         3
 Bolt of Magma            Conj/Fire/Erth 12%          30%         5
 Metabolic Englaciation   Hex/Ice        9%           43%         5
 Yara's Violent Unravell  Hex/Tmut       9%           43%         5
 Summon Ice Beast         Ice/Summ       0%           50%         4
 Death Channel            Necr           19%          54%         6
 Iron Shot                Conj/Erth      18%          56%         6
 Simulacrum               Ice/Necr       9%           92%         6
 Starburst                Conj/Fire      9%           92%         6
 Statue Form              Tmut/Erth      12%          92%         6
 Spellforged Servitor     Conj/Summ      9%           100%        7
 Shatter                  Erth           18%          100%        9


Dungeon Overview and Level Annotations

Branches:
Dungeon (15/15)            Temple (1/1) D:7            Lair (6/6) D:9
 Shoals (4/4) Lair:4       Spider (3/4) Lair:4        Slime (0/5) Lair:6
    Orc (2/2) D:12            Elf (0/3) Orc:2        Vaults (2/5) D:13
 Depths (0/5) D:15         Bailey (visited)           IceCv (visited)
  Crypt: Vaults:2-3

Altars:
Ashenzari
Cheibriados
Dithmenos
Elyvilon
Fedhas
Gozag
Hepliaklqana
Kikubaaqudgha
Makhleb
Nemelex Xobeh
Okawaru
Qazlal
Ru
Sif Muna
Trog
Uskayaw
Vehumet
Wu Jian
Xom
Yredelemnul
Zin
The Shining One
Beogh
Jiyva

Shops:
D:8 [   D:9 [   D:10 (   D:11 (   D:13 ?   Orc:2 *[=(

Annotations:
D:3 exclusion: oklob plant
D:8 2 transporters, Acheron's ghost, novice DsWn
D:15 Kirke
Spider:2 Arachne


Innate Abilities, Weirdness & Mutations

You cannot wear most types of armour.
You are very stealthy in the water. (Stealth+)
You are amphibious.
You can wear up to eight rings at the same time.
You can use your tentacles to constrict eight enemies at once.
Your skin changes colour to match your surroundings (Stealth+).
Your rubbery body absorbs attacks. (AC +1, EV +1)


Message History

Casting: Dazzling Flash (safe; 1% risk of failure)
Confirm with . or Enter, or press ? or * to list all spells.
You don't know that spell.
Casting: Dazzling Flash (safe; 1% risk of failure)
Confirm with . or Enter, or press ? or * to list all spells.
You don't have enough magic to cast that spell.
Unknown command.
Unknown command.
As you read the scroll of teleportation, it crumbles to dust.
You feel strangely unstable. You block the warg's attack.
The vault warden hits you from afar with a +3 antimagic glaive!
* * * LOW HITPOINT WARNING * * *
You feel your power leaking away. You block the yaktaur's attack.
You block the deep troll's attack. The deep troll claws you.
* * * LOW HITPOINT WARNING * * *
The deep troll completely misses you. You block the warg's attack.
The orc warrior hits you with a +0 mace!!
You die...

############.............#
.#.#...#.#.#......o......#
#.#.#.#.#.##...ozz.......#
.#########.#....z........#
#.#.#.#.#.##...()........#
.###...###.#)...)........#
..#.....#..#.)..ocp......#
.###.)(###.#)...oh.......#
#.#.#[#.#.##))).@T.......#
<#####(###.#.))..........#
#.#.#.#.#.##)............#
.#.#...#.#.#.)...........#
############)............#
..).......)))(...........#
.........................#
##########################


You could see a vault warden, an orc knight, 3 skeletal warriors, a deep troll
(strong), a yaktaur (blind), a warg, 2 orc warriors and an orc (strong).

Vanquished Creatures
  Jorgrun (Shoals:1)
  Rupert (D:13)
  2 krakens (Shoals:4)
  Frances (D:14)
  Gastronok (Lair:2)
  A frost giant (IceCv)
  A fire giant (Vaults:1)
  2 ghost moths
  A vault warden (Vaults:2)
  3 ironheart preservers
  2 stone giants
  An entropy weaver (Spider:1)
  Azrael (Orc:2)
  3 ettins
  4 merfolk javelineers
  6 merfolk impalers
  A rakshasa (Vaults:1)
  2 great orbs of eyes
  11 hydras
  5 ogre magi
  An ice dragon (Vaults:1)
  4 alligator snapping turtles
  3 satyrs
  3 merfolk aquamancers
  4 merfolk avatars
  2 boulder beetles
  3 centaur warriors
  19 two-headed ogres
  A deep troll shaman (Vaults:2)
  A death yak (Lair:5)
  3 tengu warriors (D:13)
  The ghost of viiviliisa the Protected, a novice MiFi of Makhleb (D:7)
  2 skeletal warriors
  10 sea snakes
  6 deep trolls
  A glowing orange brain (Vaults:1)
  4 unseen horrors
  A deep elf archer (Vaults:1)
  3 ironbrand convokers
  5 orb spiders (Spider:1)
  15 harpies
  3 oklob plants
  11 wolf spiders
  7 orc knights
  25 ugly things
  15 manticores
  8 fauns
  A wolf spider (shapeshifter) (D:15)
  15 cyclopes
  6 deep elf magi
  7 merfolk sirens
  A black mamba (shapeshifter) (D:13)
  6 water nymphs
  A moth of wrath (Spider:3)
  3 ice statues (IceCv)
  3 elephants (Lair:5)
  2 vault sentinels
  Psyche (D:8)
  4 black mambas
  5 centaur skeletons
  12 cane toads
  3 demonic crawlers
  A torpor snail (Lair:4)
  A rime drake (Lair:2)
  A komodo dragon (shapeshifter) (Vaults:1)
  9 komodo dragons
  7 yaktaurs
  An efreet (D:10)
  4 trolls
  22 jumping spiders
  16 polar bears
  9 wind drakes
  17 dream sheep
  5 hornets
  5 blink frogs (Lair:6)
  3 slime creatures (Vaults:1)
  30 merfolk
  16 snapping turtles
  14 redbacks
  Sigmund (D:2)
  14 spriggans (Lair:6)
  5 tarantellas (Spider:1)
  8 wyverns
  60 yaks
  A hog (shapeshifter) (D:13)
  A vampire (D:14)
  9 water elementals
  2 wraiths
  6 basilisks
  2 fire elementals (Orc:2)
  Menkaure (D:4)
  3 wargs
  3 hell hounds (Orc:2)
  10 water moccasins
  25 orc warriors
  11 ice beasts
  4 phantoms
  5 black bears
  4 sky beasts
  23 ogres
  A necrophage (D:8)
  2 eyes of draining (D:9)
  10 boggarts
  51 wolves
  15 centaurs
  4 big kobolds
  9 bullfrogs
  4 wyvern skeletons
  5 scorpions
  4 killer bees (D:8)
  11 wights
  3 howler monkeys
  5 bullfrog zombies
  4 hounds
  3 centaur zombies
  10 orc priests
  3 jellies
  7 bullfrog skeletons
  14 orc wizards
  6 iguanas
  12 worker ants
  9 hell rats
  3 hound skeletons
  A worker ant zombie (D:10)
  5 gnolls
  A howler monkey skeleton (D:8)
  13 adders
  10 river rats
  A shadow imp (D:8)
  7 white imps
  An ufetubus (D:9)
  An ooze (D:2)
  An adder skeleton (D:7)
  6 worms
  2 dart slugs
  11 leopard geckos
  80 orcs
  10 bats
  11 giant cockroaches
  16 goblins
  15 hobgoblins
  10 jackals
  9 quokkas
  A ball python (D:1)
  5 frilled lizards
  A jackal skeleton (D:5)
  10 kobolds
  14 rats
  3 tentacles (Shoals:4)
1080 creatures vanquished.

Vanquished Creatures (collateral kills)
  A cyclops (Vaults:2)
  A vault sentinel (Vaults:2)
  An adder (D:3)
  3 orcs (Bailey)
  3 goblins (Bailey)
  5 hobgoblins (Bailey)
14 creatures vanquished.

Vanquished Creatures (others)
  A dream sheep (Shoals:2)
  A yak (IceCv)
  A centaur (Shoals:2)
  4 orcs (Orc:2)
  A hobgoblin (Bailey)
  50 fungi
  80 plants
  32 tentacles
  11 withered plants (D:15)
181 creatures vanquished.

Grand Total: 1275 creatures vanquished

Notes
Turn   | Place    | Note
-------+----------+-------------------------------------------
     0 | D:1      | Ijustatesigmund the Octopode Fighter began the quest for
                  | the Orb.
     0 | D:1      | Reached XP level 1. HP: 16/16 MP: 1/1
   114 | D:1      | Reached XP level 2. HP: 19/21 MP: 2/2
   463 | D:1      | Reached XP level 3. HP: 17/26 MP: 3/3
  1801 | D:2      | Reached XP level 4. HP: 26/31 MP: 4/4
  2032 | D:2      | Noticed Sigmund
  2199 | D:3      | Noticed an ogre
  2655 | D:3      | Found a bloodstained altar of Trog.
  2673 | D:3      | Killed an ogre
  2674 | D:3      | Reached XP level 5. HP: 37/37 MP: 5/5
  3104 | D:3      | Found a hazy altar of Hepliaklqana.
  3591 | D:3      | Found a blossoming altar of Fedhas.
  3615 | D:3      | Noticed an oklob plant
  3888 | D:4      | Noticed an ogre
  3893 | D:4      | Noticed Menkaure
  3897 | D:4      | Killed an ogre
  3898 | D:4      | Reached XP level 6. HP: 31/43 MP: 6/6
  4161 | D:4      | Reached XP level 7. HP: 42/49 MP: 7/7
  4262 | D:4      | Reached skill level 5 in Maces & Flails
  4516 | D:4      | Killed Menkaure
  5635 | D:2      | Killed Sigmund
  5636 | D:2      | Reached XP level 8. HP: 48/54 MP: 8/8
  5779 | D:5      | Entered Level 5 of the Dungeon
  5819 | D:5      | Reached skill level 5 in Fighting
  5819 | D:5      | Reached skill level 5 in Dodging
  5819 | D:5      | Reached skill level 5 in Shields
  5838 | D:5      | Reached skill level 1 in Stealth
  6471 | D:5      | Found an ornate altar of the Wu Jian Council.
  6798 | D:5      | Found a broken altar of Ashenzari.
  7099 | D:6      | Reached XP level 9. HP: 44/62 MP: 9/9
  7293 | D:6      | Found a white marble altar of Elyvilon.
  8137 | D:7      | Found a flagged portal.
  8141 | D:7      | Got an encrusted hand axe
  8161 | Bailey   | Entered a bailey
  8356 | Bailey   | Reached skill level 5 in Stealth
  8429 | Bailey   | Noticed an orc knight
  8442 | Bailey   | Noticed an orc warlord
  8445 | Bailey   | Killed an orc knight
  8446 | Bailey   | Reached skill level 1 in Throwing
  8579 | D:7      | Found a staircase to the Ecumenical Temple.
  8596 | Temple   | Entered the Ecumenical Temple
  8653 | Temple   | Became a worshipper of Cheibriados the Contemplative
  8801 | D:7      | Found a runed translucent gate.
  8802 | D:7      | Found a runed translucent gate.
  8803 | D:7      | Found a runed translucent gate.
  8804 | D:7      | Identified the +5 trident of Refireynt {pain, *Rage +Rage
                  | rPois rF- Str+9}
  8804 | D:7      | Noticed viiviliisa's ghost (novice MiFi)
  8812 | D:7      | Found a roughly hewn altar of Beogh.
  9018 | D:7      | Found a shimmering altar of Xom.
  9159 | D:8      | Found Sagh's Antique Armour Emporium.
  9201 | D:8      | Found a transporter.
  9201 | D:8      | Noticed Acheron's ghost (novice DsWn)
  9208 | D:8      | Found a transporter.
  9273 | D:8      | Reached skill level 1 in Invocations
  9309 | D:8      | Identified the cursed +3 hand axe "Wavisus" {freeze, *Rage
                  | +Fly rN++ Will+++} (You found it on level 7 of the Dungeon)
  9359 | D:8      | Reached * piety under Cheibriados
  9360 | D:8      | Reached XP level 10. HP: 69/69 MP: 11/11
  9397 | D:8      | Reached skill level 2 in Invocations
  9586 | D:8      | Reached skill level 3 in Invocations
  9753 | D:8      | Found a sparkling altar of Nemelex Xobeh.
  9817 | D:8      | Noticed Psyche
  9823 | D:8      | Killed Psyche
 10195 | D:9      | Reached ** piety under Cheibriados
 10303 | D:9      | Found a staircase to the Lair.
 10449 | D:9      | Found Eme Etwo's Antique Armour Shoppe.
 10644 | D:9      | Found a sacrificial altar of Ru.
 10660 | D:9      | Reached skill level 4 in Invocations
 10967 | D:10     | Entered Level 10 of the Dungeon
 11081 | D:10     | Found Kikhleph's Antique Weapon Emporium.
 11164 | D:10     | Reached XP level 11. HP: 62/77 MP: 14/14
 11231 | D:10     | Reached *** piety under Cheibriados
 11690 | D:10     | Killed an unseen horror
 11691 | D:10     | Reached skill level 5 in Invocations
 11795 | D:10     | Reached **** piety under Cheibriados
 12055 | D:7      | Killed viiviliisa's ghost
 12241 | Lair:1   | Entered Level 1 of the Lair of Beasts
 12445 | Lair:1   | Noticed a seven-headed hydra
 12451 | Lair:1   | Killed a seven-headed hydra
 12452 | Lair:1   | Reached skill level 1 in Evocations
 12494 | Lair:1   | You fall into a shaft and drop 1 floor!
 12864 | Lair:1   | Noticed a five-headed hydra
 12877 | Lair:1   | Killed a five-headed hydra
 12878 | Lair:1   | Reached skill level 6 in Invocations
 13324 | Lair:2   | Noticed a five-headed hydra
 13650 | D:11     | Noticed a six-headed hydra
 13659 | D:11     | Killed a six-headed hydra
 13785 | D:11     | Reached XP level 12. HP: 85/85 MP: 16/16
 13862 | D:11     | Noticed a two-headed ogre
 13864 | D:11     | Noticed a two-headed ogre
 13868 | D:11     | Noticed a five-headed hydra
 13975 | D:11     | Found Ehiasoacae's Weapon Boutique.
 13981 | D:11     | Bought a +6 mace of protection for 605 gold pieces
 14263 | D:11     | Killed a two-headed ogre
 14274 | D:11     | Reached skill level 7 in Invocations
 14550 | D:12     | Noticed a boulder beetle
 14561 | D:12     | Reached ***** piety under Cheibriados
 14577 | D:12     | You fall into a shaft and drop 1 floor!
 14577 | D:13     | Noticed a centaur warrior
 14582 | D:13     | Killed a centaur warrior
 14583 | D:13     | Reached skill level 10 in Maces & Flails
 14595 | D:13     | Noticed a tengu warrior
 14646 | D:13     | Found a frozen archway.
 14714 | IceCv    | Entered an ice cave
 14834 | IceCv    | Reached skill level 5 in Evocations
 15228 | IceCv    | Noticed a frost giant
 15436 | IceCv    | Reached skill level 8 in Invocations
 15521 | IceCv    | Reached skill level 10 in Fighting
 15823 | IceCv    | Killed a frost giant
 15824 | IceCv    | Reached XP level 13. HP: 75/92 MP: 19/19
 15954 | D:13     | Found Jyiskuog's Magic Scroll Boutique.
 16125 | D:13     | Reached ****** piety under Cheibriados
 16231 | D:13     | Reached skill level 9 in Invocations
 16411 | D:13     | Found a gate to the Vaults.
 16942 | D:13     | Noticed Rupert
 16945 | D:13     | Paralysed by Rupert for 2 turns
 16961 | D:13     | Killed Rupert
 17302 | D:14     | Noticed Frances
 17310 | D:15     | Entered Level 15 of the Dungeon
 17416 | D:15     | Noticed Kirke
 17425 | D:15     | Found a staircase to the Depths.
 17742 | D:15     | Reached XP level 14. HP: 80/101 MP: 21/21
 17751 | D:15     | Reached skill level 10 in Dodging
 17757 | D:15     | Reached skill level 10 in Invocations
 17824 | D:14     | Killed Frances
 17825 | D:14     | Reached skill level 10 in Shields
 18008 | D:12     | Found a staircase to the Orcish Mines.
 18022 | D:12     | Learned a level 1 spell: Magic Dart
 18026 | D:12     | Learned a level 3 spell: Dazzling Flash
 18756 | Lair:2   | Reached skill level 1 in Conjurations
 18756 | Lair:2   | Reached skill level 1 in Hexes
 18935 | Lair:2   | Noticed Gastronok
 18951 | Lair:2   | Killed Gastronok
 20435 | Lair:4   | Found a hole to the Spider Nest.
 20811 | Lair:4   | Found a staircase to the Shoals.
 21314 | Lair:5   | Reached XP level 15. HP: 107/108 MP: 23/23
 22018 | Lair:6   | Entered Level 6 of the Lair of Beasts
 22067 | Lair:6   | Reached skill level 11 in Invocations
 22316 | Lair:6   | Found a viscous altar of Jiyva.
 22316 | Lair:6   | Found a staircase to the Slime Pits.
 22973 | Lair:6   | Got a clouded ivory amulet
 22974 | Lair:6   | Identified a scroll of acquirement
 22974 | Lair:6   | Acquired 405 gold pieces
 22980 | Lair:6   | Identified the amulet of Jealousy {Inacc rF+ MP-9 Int+4}
                  | (You found it on level 6 of the Lair of Beasts)
 23235 | Lair:6   | Reached skill level 5 in Conjurations
 23684 | Orc:1    | Entered Level 1 of the Orcish Mines
 23705 | Orc:1    | Found a shimmering blue altar of Sif Muna.
 23720 | Orc:1    | Found a burning altar of Makhleb.
 23839 | Orc:1    | Reached skill level 5 in Hexes
 24278 | Orc:1    | Identified Sif Muna's Handbook of Transformation
 24305 | Orc:2    | Entered Level 2 of the Orcish Mines
 24305 | Orc:2    | Found Ithrudghar's Jewellery Shop.
 24305 | Orc:2    | Found a staircase to the Elven Halls.
 24427 | Orc:1    | Reached skill level 10 in Stealth
 24701 | D:8      | Bought the +2 hood of the Assassin {Detection Stab+
                  | Stlth++} for 1620 gold pieces
 24701 | D:8      | Found the +2 hood of the Assassin {Detection Stab+ Stlth++}
 24921 | Orc:2    | Noticed Azrael
 25047 | Orc:2    | Found Kurch's General Store.
 25155 | Orc:2    | Reached XP level 16. HP: 58/114 MP: 16/24
 25229 | Orc:2    | Found Oczeluec's Antique Armour Boutique.
 25279 | Orc:2    | Reached skill level 12 in Invocations
 25329 | Orc:2    | Killed Azrael
 25477 | Orc:2    | Bought a potion of heal wounds for 60 gold pieces
 25483 | Orc:2    | Learned a level 5 spell: Borgnjor's Vile Clutch
 25522 | Orc:2    | Found Wifruse's Antique Weapon Shoppe.
 25896 | Shoals:1 | Entered Level 1 of the Shoals
 25924 | Shoals:1 | Reached skill level 1 in Necromancy
 25924 | Shoals:1 | Reached skill level 1 in Earth Magic
 26433 | Shoals:1 | Noticed Jorgrun
 26453 | Shoals:1 | Killed Jorgrun
 27368 | Shoals:2 | Reached skill level 13 in Invocations
 27748 | Shoals:2 | Reached skill level 5 in Earth Magic
 27755 | Shoals:2 | Noticed a kraken
 27948 | Shoals:2 | Reached skill level 5 in Necromancy
 28595 | Shoals:3 | Found a glowing silver altar of Zin.
 28646 | Shoals:3 | Reached XP level 17. HP: 119/119 MP: 26/26
 28967 | Shoals:4 | Entered Level 4 of the Shoals
 28969 | Shoals:4 | Found a glowing golden altar of the Shining One.
 29051 | Shoals:4 | Identified the Reference Book on Supportive Ignition
 29176 | Shoals:4 | Noticed a kraken
 29186 | Shoals:4 | Killed a kraken
 29376 | Shoals:4 | Got a barnacled rune of Zot
 30110 | Shoals:4 | Got a clouded granite ring
 30112 | Shoals:4 | Identified the ring "Tourch" {rElec rF+ Stlth+} (You found
                  | it on level 4 of the Shoals)
 30164 | Shoals:4 | Noticed a kraken
 30186 | Shoals:4 | Killed a kraken
 30265 | Shoals:4 | Reached skill level 14 in Invocations
 30836 | Spider:1 | Entered Level 1 of the Spider Nest
 31997 | Spider:2 | Noticed Arachne
 32044 | Spider:3 | HP: 4/123 [wolf spider (15)]
 32055 | Spider:3 | Reached XP level 18. HP: 24/128 MP: 13/29
 32567 | Vaults:1 | Entered Level 1 of the Vaults
 32594 | Vaults:1 | Got a scintillating wooden ring
 32880 | Vaults:1 | Reached skill level 15 in Invocations
 33977 | Vaults:1 | Identified the ring "Olaupsop" {+Fly rPois rF+} (You found
                  | it on level 1 of the Vaults)
 33987 | Vaults:1 | Learned a level 1 spell: Apportation
 34049 | Vaults:2 | Reached skill level 1 in Translocations
 34363 | Vaults:2 | Mangled by an orc warrior

Illustrated notes

Levels and vault maps discovered:
D:1:      dpeg_arrival_tiny_j, layout_loops_ring
D:2:      layout_basic, uniq_sigmund
D:3:      cheibrodos_old_hovel, layout_basic, tgw_fedhas,
          nzn_hepliaklqana_mist_gate, trog_three_pillars_becter
D:4:      layout_loops_corners, gup_sewer_entry_bubbles, uniq_menkaure
D:5:      layout_rooms, lemuel_round_altar, kennysheep_little_box
D:6:      layout_gridville, elyvilon_altar_4
D:7:      layout_rooms, minmay_temple_entry_drinking_statues,
          biasface_ghost_orc_armoury, enter_bailey_2, xom_teletrap_fun
D:8:      layout_loops_ring, lemuel_coloured_pillars_altar, serial_shops, shop,
          gammafunk_ghost_mausoleum, supply_closet_lemuel, uniq_psyche
D:9:      layout_roguey, nicolae_overflow_crystal_walls, dpeg_oklobed_lair,
          serial_shops, shop, blue_anna_alchemist [blue_anna_fruit_fields,
          blue_anna_fruit_fields]
D:10:     layout_gridville, serial_shops, nicolae_shop_stone
D:11:     layout_loops_corners, serial_shops, nicolae_shop_statue_plus
D:12:     layout_roguey, minmay_orc_entry_guard_dogs
D:13:     layout_roguey, hangedman_vaults_entry_quadrant_bands, serial_shops,
          shop_statue, portal_ice_cave_entry_ice_beasts,
          roderic_serpentine_path, uniq_rupert
D:14:     layout_cave_pools, serial_shops, kennysheep_mini,
          grunt_dithmenos_smoke_and_mirrors, dk_noncrumbling_3, uniq_frances
D:15:     gammafunk_depths_entry_grave, layout_layer_cave,
          minmay_misc_feat_more_columns, lightli_fourway_metalbox, uniq_kirke,
          uniq_louise
Temple:   regret_index_temple_waves
Lair:1:   layout_gridlike, grunt_megastairs_5
Lair:2:   layout_cave_pods, st_stairs_9, uniq_gastronok
Lair:3:   layout_misc_corridors, nicolae_volcano_entry_s_turn,
          lemuel_fruit_fields, infiniplex_staircase_pool_2
Lair:4:   layout_small_grid, minmay_shoals_entry_centaurs,
          nicolae_spider_entry_tight_spaces, fungi_pond_lemuel
Lair:5:   layout_cave_pods, kennysheep_abandoned_house
Lair:6:   minmay_lair_end_enchanted_forest, layout_concentric_octagons,
          slime_altar_1, grunt_megastairs_2, lemuel_fruit_tree
Shoals:1: layout_shoals, nicolae_shoals_this_corrosion, uniq_jorgrun
Shoals:2: layout_shoals
Shoals:3: layout_shoals, lemuel_centaur_altar
Shoals:4: shoals_end_hangedman, layout_shoals, lemuel_oklob_altar
Spider:1: layout_spider_delve, nicolae_spider_webs_and_nodes
Spider:2: nicolae_spider_mines_2, uniq_arachne
Spider:3: layout_spider_delve
Orc:1:    layout_caves, basic_altar, led_sif_book
Orc:2:    grunt_orc_gardens, layout_diamond_mine, grunt_orc_garden,
          grunt_orc_garden, grunt_orc_garden, grunt_orc_garden, uniq_azrael
Vaults:1: nicolae_vaults_angled_halls, nicolae_vaults_ninety_degrees,
          hangedman_vaults_locks, v_alt_pattern_3, vaults_dpeg_cross, v_misc_9,
          vaults_room_pools, nicolae_vaults_alarming,
          ontoclasm_vaults_misaligned, nicolae_vaults_little_squares_4,
          layout_vaults_ring
Vaults:2: ontoclasm_vaults_twist, nicolae_vaults_c_with_doors,
          vaults_dpeg_encased_lava, v_pattern_5, grunt_vaults_diagonal,
          grunt_vaults_hallway_short, vaults_room_fours, ontoclasm_vaults_chip,
          layout_vaults_chaotic_city, uniq_saint_roka, uniq_donald

Skill      XL: |  1  2  3  4  5  6  7  8  9 10 11 12 13 14 15 16 17 18 |
---------------+-------------------------------------------------------+-----
Maces & Flails | 3 4 5 6 7 8 9 10 11 12 13 14 | 14.5
Fighting       | 4 5 6 7 9 10 11 12 13 14 | 14.2
Dodging        | 4 5 6 7 8 9 10 11 | 11.2
Shields        | 4 5 6 7 8 9 10 11 | 11.1
Stealth        | 3 5 7 9 10 13 | 13.6
Throwing       | 1 |  1.5
Invocations    | 1 4 6 8 9 10 11 13 14 15 | 15.7
Evocations     | 3 5 |  5.5
Conjurations   | 3 6 |  6.2
Hexes          | 3 5 6 |  6.1
Necromancy     | 5 6 |  6.3
Earth Magic    | 5 6 |  6.3
Translocations | 2 |  2.7

Action                   |  1- 3 |  4- 6 |  7- 9 | 10-12 | 13-15 | 16-18 || total
-------------------------+-------+-------+-------+-------+-------+-------++-------
Melee: Flail             |    69 |    72 |   348 |   345 |       |   317 ||  1151
       Constrict         |    18 |    16 |    70 |    80 |   178 |   114 ||   476
       Tentacles         |     8 |    19 |    79 |   259 |   532 |   390 ||  1287
       Mace              |       |       |       |   277 |  1106 |   542 ||  1925
Throw: Dart              |       |     3 |    29 |    14 |    16 |    10 ||    72
 Cast: Dazzling Flash    |       |       |       |       |    29 |    49 ||    78
       Borgnjor's Vile C |       |       |       |       |       |    18 ||    18
Invok: Bend Time         |       |       |       |     3 |       |       ||     3
       Slouch            |       |       |       |       |     5 |    10 ||    15
       Step From Time    |       |       |       |       |     1 |     2 ||     3
Evoke: Wand              |       |       |       |    20 |     6 |    16 ||    42
       Condenser vane    |       |       |       |       |     2 |     4 ||     6
  Use: Scroll            |     4 |     3 |     8 |    14 |    14 |    22 ||    65
       Potion            |       |     3 |     6 |     4 |     7 |    14 ||    34
 Stab: Sleeping          |    10 |     5 |    16 |    32 |    46 |    93 ||   202
       Invisible         |       |       |     3 |       |    20 |    29 ||    52
       Distracted        |       |       |       |     2 |     8 |     5 ||    15
       Confused          |       |       |       |       |     4 |     8 ||    12
       Paralysed         |       |       |       |       |       |     1 ||     1
Armor: Skin              |     4 |     1 |    94 |    66 |    70 |    89 ||   324
Dodge: Dodged            |    21 |    34 |   168 |   515 |   918 |   929 ||  2585
Block: Kite shield       |    18 |    34 |   179 |   499 |  1025 |   937 ||  2692
